Map: Thunderbird LE

Players

ICBreaker

  • Race: Zerg Zerg
  • League: Diamond
  • Spawn Location: 5:00

ObamaOnCRACK - Winner!

  • Race: Protoss Protoss
  • League: Diamond
  • Spawn Location: 11:00

VOD

Have the link to the VOD?

Description

Time

  • Played on: Nov. 24, 2019, 12:03 p.m.
  • Length: 10:15
Show
View Real Time Build Order
Export as new Build Order

ICBreaker Zerg 

Build Orders: Hatch First 

Get SALT Encoding   

  12  0:01  Drone  
  13  0:12  Overlord  
  13  0:16  Drone  
  14  0:31  Drone x2  
  14  0:34  Drone  
  17  0:53  Hatchery  
  17  0:55  Drone  
  17  0:59  Drone  
  18  1:10  Extractor  
  17  1:15  Spawning Pool  
  17  1:17  Drone  
  17  1:20  Drone  
  18  1:28  Drone  
  19  1:40  Overlord  
  19  1:50  Drone  
  20  2:01  Queen  
  20  2:02  Zergling x2  
  20  2:05  Queen  
  20  2:06  Drone  
  26  2:11  Zergling x2  
  26  2:13  Metabolic Boost  
  27  2:22  Drone  
  28  2:33  Drone x3  
  31  2:44  Hatchery  
  31  2:47  Queen  
  32  2:55  Drone x3  
  35  2:59  Overlord  
  35  3:14  Drone  
  35  3:16  Overlord x2  
  36  3:25  Drone  
  36  3:26  Drone x5  
  42  3:27  Drone  
  43  3:35  Drone  
  43  3:39  Extractor, Spore Crawler  
  43  3:40  Spore Crawler  
  41  3:43  Queen  
  43  3:49  Extractor  
  43  3:50  Extractor  
  43  3:54  Evolution Chamber  
  40  3:56  Evolution Chamber  
  39  4:05  Queen  
  39  4:06  Drone x4  
  39  4:07  Drone  
  46  4:16  Lair  
  46  4:19  Drone x3  
  46  4:22  Zergling x2  
  49  4:36  Zergling x14  
  56  4:39  Zerg Melee Weapons Level 1  
  54  5:14  Zerg Missile Weapons Level 1  
  54  5:15  Spore Crawler  
  54  5:16  Drone x8  
  54  5:17  Drone  
  62  5:29  Drone  
  62  5:30  Drone x2  
  62  5:31  Overlord x3  
  65  5:37  Baneling Nest  
  65  5:38  Hydralisk Den  
  63  5:43  Spore Crawler  
  63  5:47  Spore Crawler, Drone x4  
  63  5:48  Spore Crawler  
  63  5:49  Drone  
  65  6:03  Extractor  
  64  6:05  Extractor  
  64  6:08  Grooved Spines  
  64  6:09  Nydus Network  
  62  6:27  Drone x6  
  62  6:30  Baneling  
  62  6:31  Baneling x13  
  62  6:32  Centrifical Hooks  
  68  6:46  Zergling x2  
  70  6:47  Zergling x22  
  70  6:52  Overseer  
  80  7:04  Nydus Canal  
  80  7:12  Hydralisk x4  
  88  7:19  Muscular Augments  
  84  7:28  Zergling x2  
  84  7:29  Zergling x10  
  73  7:51  Baneling x8, Hydralisk  
  64  7:52  Hydralisk x6  
  55  8:27  Zergling x8  
  55  8:28  Zergling x18  
  55  8:33  Nydus Canal  
  68  8:39  Hydralisk x4  
  74  8:59  Hatchery  
  57  9:15  Zergling x16  
  37  9:21  Overseer  
Show
View Real Time Build Order
Export as new Build Order

ObamaOnCRACK Protoss - Winner!

Build Orders: Nexus First 

Get SALT Encoding   

  12  0:04  Probe  
  13  0:16  Probe  
  14  0:28  Probe  
  15  0:43  Pylon  
  15  1:01  Probe (Chrono Boost)  
  15  1:04  Nexus  
  17  1:12  Probe (Chrono Boost)  
  17  1:13  Forge  
  17  1:17  Probe (Chrono Boost)  
  18  1:26  Assimilator  
  18  1:28  Probe  
  19  1:36  Pylon  
  19  1:41  Probe  
  19  1:46  Photon Cannon  
  20  1:56  Assimilator  
  20  1:57  Probe  
  21  2:10  Probe (Chrono Boost)  
  21  2:12  Gateway  
  22  2:15  Probe (Chrono Boost)  
  22  2:22  Probe (Chrono Boost)  
  24  2:26  Probe (Chrono Boost)  
  24  2:29  Probe (Chrono Boost)  
  26  2:31  Gateway  
  26  2:34  Probe  
  27  2:41  Pylon  
  27  2:46  Probe (Chrono Boost)  
  29  2:51  Probe (Chrono Boost)  
  29  2:56  Probe (Chrono Boost)  
  30  3:03  Cybernetics Core  
  30  3:07  Zealot (Chrono Boost)  
  30  3:08  Photon Cannon  
  32  3:17  Probe  
  32  3:18  Probe  
  36  3:22  Zealot (Chrono Boost)  
  36  3:28  Zealot  
  36  3:33  Probe x2  
  40  3:38  Photon Cannon  
  40  3:43  Shield Battery  
  40  3:45  Probe  
  40  3:46  Shield Battery  
  40  3:47  Protoss Ground Weapons Level 1  
  41  3:48  Pylon  
  41  3:50  Probe  
  41  3:54  Sentry (Chrono Boost)  
  46  4:02  Warp Gate  
  46  4:03  Sentry (Chrono Boost), Probe  
  46  4:04  Probe  
  48  4:10  Shield Battery  
  49  4:17  Pylon, Probe x2  
  49  4:21  Assimilator  
  49  4:23  Assimilator  
  50  4:29  Twilight Council  
  50  4:33  Stargate  
  50  4:35  Pylon  
  50  4:36  Probe  
  51  4:42  Sentry x2  
  55  4:58  Probe x2  
  55  5:00  Resonating Glaives (Chrono Boost)  
  51  5:10  Probe x2  
  53  5:17  Gateway  
  53  5:18  Gateway  
  53  5:22  Void Ray, Probe x2  
  53  5:26  Adept x2  
  63  5:30  Pylon  
  63  5:38  Gateway, Photon Cannon  
  63  5:44  Photon Cannon  
  63  5:46  Shield Battery  
  63  5:47  Protoss Ground Armor Level 1 (Chrono Boost)  
  63  5:51  Pylon  
  63  5:56  Gateway  
  63  6:03  Probe, Gateway  
  63  6:04  Probe  
  65  6:10  Adept x2  
  69  6:15  Adept x2  
  73  6:27  Dark Shrine  
  73  6:33  Adept x2  
  73  6:35  Templar Archives  
  73  6:36  Pylon  
  77  6:42  Protoss Air Weapons Level 1  
  77  6:43  Adept x2  
  81  6:48  Probe x2  
  83  7:00  Probe  
  84  7:03  Probe  
  84  7:08  Nexus  
  84  7:12  Probe  
  85  7:23  Adept x2  
  85  7:25  Adept x2  
  85  7:27  Adept x2  
  97  7:33  Adept  
  87  7:42  Probe (Chrono Boost)  
  79  7:45  Probe (Chrono Boost)  
  79  7:54  Probe (Chrono Boost)  
  79  7:58  Probe (Chrono Boost)  
  81  7:59  Probe (Chrono Boost)  
  80  8:06  Probe  
  81  8:18  Probe  
  81  8:19  Dark Templar x3  
  58  8:27  Dark Templar x2  
  58  8:32  Dark Templar  
  64  8:40  Probe x3  
  67  8:54  Dark Templar x2  
  69  9:02  Adept, Zealot  
  62  9:03  Adept x2  
  62  9:26  Zealot x3  
  62  9:29  Zealot x2  
  63  9:41  Zealot  
  63  9:42  Zealot  
  63  9:48  Stalker x2  
  63  9:50  Zealot x2  
  71  9:58  Zealot  
  65  10:07  Zealot x2  
Tags
 
Add a new tag
Caveats
  • Supply blocks, unpowered buildings, or Contaminate may cause inaccurate times.
  • Supply counts are checked every 10 seconds.